 Dungeon Crawl Stone Soup version 0.32-a0-485-g70f7560b1c (webtiles) character file.

Game seed: 10481250125337457553

826 timneilson the Ruffian (level 7, 0/45 (48) HPs)
             Began as an Octopode Shapeshifter on Feb 26, 2024.
             Killed from afar by a white imp (3 damage)
             ... with a puff of frost
             ... on level 5 of the Dungeon.
             The game lasted 00:07:27 (4207 turns).

timneilson the Ruffian (Octopode Shapeshifter)      Turns: 4207, Time: 00:07:29

HP:   0/45 (48)     AC:  1    Str: 16    XL:     7   Next: 96%
MP:   7/7           EV: 14    Int: 12    God:
Gold: 185           SH:  0    Dex: 11    Spells: 6/6 levels left

rFire   . .          .
                       - Unarmed
rCold   + . .        (no shield)
rNeg    . . .        (helmet currently unavailable)
rPois   .            (no amulet)
rElec   .            d - ring of flight
rCorr   .            f - ring of protection from cold
SInv    .            (no ring)
Will    .....        (no ring)
Stlth   ++           (no ring)
HPRegen 0.27/turn    (no ring)
MPRegen 0.10/turn    (no ring)
                     (no ring)

%: no passive effects
@: on fire, beast-form, flying, glowing, drained
A: beast (slay +2), almost no armour, amphibious, 8 rings, camouflage 1,
gelatinous body 1, (nimble swimmer 1), tentacles
a: Begin Untransformation


You were on level 5 of the Dungeon.
You were a hulking beast.
You visited 1 branch of the dungeon, and saw 5 of its levels.

You collected 185 gold pieces.

Inventory:

Missiles
 g - 6 curare-tipped darts (quivered)
Jewellery
 d - a ring of flight (left tentacle)
 f - a ring of protection from cold (right tentacle)
Talismans
 b - a beast talisman (active)
 c - a flux talisman
Wands
 e - a wand of digging (6)
Scrolls
 j - a scroll of enchant weapon
 n - a scroll of teleportation
 p - a scroll of poison
 r - a scroll of silence
Potions
 a - a potion of lignification
 h - a potion of haste {unknown}
 i - a potion of might
 k - 4 potions of mutation
 l - 2 potions of curing
 m - a potion of brilliance {unknown}
 o - a potion of attraction
 q - a potion of degeneration {unknown}


   Skills:
 * Level 4.0 Fighting
 * Level 4.4 Dodging
 + Level 3.8 Stealth
 * Level 5.0 Unarmed Combat
 * Level 4.7 Shapeshifting


You had 6 spell levels left.
You didn't know any spells.
Your spell library contained the following spells:

 Spells                   Type           Power      Damage    Failure   Level
 Necrotise                Necr           0%         1d4       32%         1
 Scorch                   Fire           0%         2d5       45%         2
 Vampiric Draining        Necr           0%         2d6       69%         3
 Flame Wave               Conj/Fire      0%         2d4       97%         4
 Martyr's Knell           Necr/Summ      0%         N/A       97%         4
 Curse of Agony           Necr           0%         N/A       100%        5
 Summon Cactus Giant      Summ           0%         N/A       100%        6


Dungeon Overview and Level Annotations

Branches:
Dungeon (5/15)
 Temple: D:4-7

Altars:
Elyvilon
Zin
The Shining One

Shops:
D:3 (


Innate Abilities, Weirdness & Mutations

You are a hulking beast.
Your limbs bulge with bestial killing power. (Slay +2)
You cannot wear most types of armour.
You are amphibious.
You can wear up to eight rings at the same time.
Your skin changes colour to match your surroundings (Stealth+).
Your rubbery body absorbs attacks. (AC +1, EV +1)
((You are camouflaged when in or above water. (Stealth+)))
You have tentacles for arms and can constrict up to eight enemies at once.


Message History

You kill the adder!
The liquid fire burns you!
You shake off some of the fire as you move.
The liquid fire burns you! The orc completely misses you.
The bombardier beetle sprays incendiary fluid at you.
The burning spray hits you.
You are even more covered in liquid fire!
An orc comes into view. It is wielding a +0 mace.
Found a stone staircase leading down.
You shake off some of the fire as you move.
The liquid fire burns you!
The orc shouts!
You hear a shout!
The white imp gestures at you. The puff of frost hits you. You resist.
You tentacle-slap the bombardier beetle but do no damage.
You grab the bombardier beetle. The liquid fire burns you!
You constrict the bombardier beetle.
The orc hits you with a +0 short sword of draining.
You feel drained. The bombardier beetle bites you.
* * * LOW HITPOINT WARNING * * *
You tentacle-slap the bombardier beetle.
The bombardier beetle is heavily wounded.
The liquid fire burns you!
* * * LOW HITPOINT WARNING * * *
You constrict the bombardier beetle.
The orc hits you with a +0 short sword of draining.
* * * LOW HITPOINT WARNING * * *
You feel drained.
An orc comes into view. It is wielding a +0 dagger.
The white imp misses you.
You tentacle-slap the bombardier beetle. x2
You kill the bombardier beetle!
The liquid fire burns you!
* * * LOW HITPOINT WARNING * * *
The orc closely misses you. The white imp gestures at you.
The puff of frost hits you. You resist.
You die...

.# #...............
.# #..............#
.# #..............#
.# #..............#
.# #......!.......#
.# #...........†..#
.###..............#
...'...§§......5o.#
..##......#.#.##h##
..##......#.#.##....#
####......# .........
# ####+### #.........
. +..o...>..
#......... #.o.......
#........#


You could see a white imp and 3 orcs.

Vanquished Creatures
  Sigmund (D:3)
  A black bear (D:5)
  3 phantoms
  2 hounds
  3 bombardier beetles
  A gnoll bouda (D:4)
  An orc wizard (D:4)
  Robin (D:4)
  4 gnolls (D:4)
  4 adders
  8 orcs
  4 endoplasms
  6 giant cockroaches
  19 goblins
  7 hobgoblins
  7 jackals
  2 quokkas (D:2)
  9 ball pythons
  5 bats
  2 frilled lizards (D:1)
  6 kobolds
  5 rats
101 creatures vanquished.

Notes
Turn   | Place    | Note
-------+----------+-------------------------------------------
     0 | D:1      | timneilson the Octopode Shapeshifter began the quest for
                  | the Orb.
     0 | D:1      | Reached XP level 1. HP: 13/13 MP: 1/1
   195 | D:1      | Reached XP level 2. HP: 12/18 MP: 2/2
   459 | D:1      | Reached skill level 1 in Stealth
   459 | D:1      | Reached XP level 3. HP: 16/23 MP: 3/3
  1664 | D:3      | Reached XP level 4. HP: 29/29 MP: 4/4
  1676 | D:3      | Identified the +1 scale mail of Ucagigou {Harm}
  2168 | D:3      | Noticed Sigmund
  2215 | D:3      | Killed Sigmund
  2216 | D:3      | Reached skill level 4 in Unarmed Combat
  2216 | D:3      | Reached XP level 5. HP: 26/36 MP: 5/5
  2216 | D:3      | Reached XP level 6. HP: 29/41 MP: 6/6
  2477 | D:3      | Found Igoqamix's Antique Weapon Boutique.
  3046 | D:4      | Found a white marble altar of Elyvilon.
  3046 | D:4      | Found a glowing golden altar of the Shining One.
  3047 | D:4      | Found a glowing silver altar of Zin.
  3229 | D:4      | Reached XP level 7. HP: 32/46 MP: 7/7
  3328 | D:4      | Noticed Robin
  3350 | D:4      | Killed Robin
  3971 | D:5      | Entered Level 5 of the Dungeon
  4201 | D:5      | Reached skill level 5 in Unarmed Combat
  4207 | D:5      | Killed from afar by a white imp

Illustrated notes

Levels and vault maps discovered:
D:1:      nicolae_arrival_washed_ashore, layout_loops_ring, kennysheep_boxes
D:2:      layout_basic
D:3:      layout_basic, serial_shops, shop, minmay_hedge_maze, uniq_sigmund
D:4:      layout_loops_cross, good_gods_temple_1, uniq_robin
D:5:      layout_basic, serial_rivers, chequers_serial_rivers_large_a,
          chequers_serial_rivers_micro_c, chequers_serial_rivers_micro_c,
          chequers_serial_rivers_room_b

Skill      XL: |  1  2  3  4  5  6  7 |
---------------+----------------------+-----
Stealth        | 1 2 3 |  3.8
Fighting       | 2 3 4 |  4.0
Dodging        | 3 4 |  4.4
Unarmed Combat | 4 5 |  5.0
Shapeshifting  | 4 |  4.7

Action                     |  1- 3 |  4- 6 |  7- 9 || total
---------------------------+-------+-------+-------++-------
  Melee: Unarmed           |    85 |    62 |    77 ||   224
         Constrict         |    22 |    10 |    22 ||    54
         Tentacles         |    12 |    13 |    15 ||    40
         Punch             |     1 |     1 |     7 ||     9
    Use: Scroll            |     4 |     6 |     3 ||    13
         Potion            |       |       |     2 ||     2
   Stab: Sleeping          |     6 |     6 |     3 ||    15
         Distracted        |       |     1 |       ||     1
 Armour: Skin              |    32 |    23 |    41 ||    96
  Dodge: Dodged            |    51 |    23 |    66 ||   140

Table legend: (Time is in decaauts)
 A = Elapsed time spent in this place.
 B = Non-inter-level travel time spent in this place.
 C = Inter-level travel time spent in this place.
 D = Time resting spent in this place.
 E = Time spent auto-exploring this place.
 F = Levels seen in this place.
 G = Mean time per level.
                   A        B        C        D        E       F      G
               +--------+--------+--------+--------+--------+-----+--------+
         Total |   4188 |   4038 |    150 |    118 |   3070 |   5 |  837.6 |
       Dungeon |   4188 |   4038 |    150 |    118 |   3070 |   5 |  837.6 |
               +--------+--------+--------+--------+--------+-----+--------+

Top non-repeatable levels by time:
     D:3: 1209 daAuts
     D:4: 1102 daAuts
     D:1: 837 daAuts
     D:2: 805 daAuts
     D:5: 234 daAuts
